 Dungeon Sprint DCSS version 0.19.5 (webtiles) character file.

158 equalderp2856 the Summoner (level 5, -1/21 HPs)
             Began as a Felid Summoner on Mar 8, 2017.
             Slain by a fire bat (7 damage)
             ... in the Dungeon (Sprint VII: "The Pits").
             The game lasted 00:05:04 (787 turns).

equalderp2856 the Summoner (Felid Summoner)          Turns: 787, Time: 00:05:05

Health: -1/21      AC:  1    Str:  4    XL:     5   Next: 16%
Magic:  2/14       EV: 20    Int: 16    God:
Gold:   0          SH:  0    Dex: 18    Spells: 2 memorised, 12 levels left
                                        Lives:  0   Deaths: 1

rFire  . . .     SeeInvis +       - Unarmed
rCold  . . .     Gourm    .     (armour unavailable)
rNeg   . . .     Faith    .     (shield unavailable)
rPois  .         Spirit   .     (helmet unavailable)
rElec  .         Reflect  .     (cloak unavailable)
rCorr  .         Harm     .     (gloves unavailable)
MR     .....     NoTele   +     (boots unavailable)
Stlth  ++++......               (no amulet)
                                (no ring)
                                (no ring)

@: quick
A: no armour, no weapons or thrown items, stealth, claws 1, fangs 3, see
invisible, carnivore 3, speed 1, shaggy fur 1, slow metabolism 1, sharp paws
a: no special abilities


You were in the Dungeon.
You were not hungry.

You visited 1 branch

Inventory:

Scrolls
 h - a scroll of blinking
 j - 3 scrolls of remove curse
 k - 5 scrolls of amnesia
 l - a scroll of summoning
Potions
 c - 5 potions of curing
 d - 2 potions of heal wounds
 e - a potion of haste
 f - 4 potions of magic
 g - 3 potions of berserk rage
 i - 2 potions of invisibility
Books
 a - a book of Callings

   Spells                             Type                      Level
   a - Summon Small Mammal            Summoning                    1
   b - Call Imp                       Summoning                    2
   c - Call Canine Familiar           Summoning                    3
   d - Summon Guardian Golem          Hexes/Summoning              3
   e - Summon Lightning Spire         Summoning/Air                4
   f - Summon Ice Beast               Ice/Summoning                4
Comestibles
 b - 8 meat rations


   Skills:
 + Level 0.2 Fighting
 + Level 4.9 Dodging
 + Level 5.7 Stealth
 + Level 2.9 Unarmed Combat
 + Level 5.5 Spellcasting
 + Level 9.4 Summonings


You had 12 spell levels left.
You knew the following spells:

 Your Spells              Type           Power        Failure   Level  Hunger
a - Summon Small Mammal   Summ           ####         1%          1    None
b - Call Imp              Summ           ####....     1%          2    #......


Dungeon Overview and Level Annotations

Branches:
Dungeon (1/1)

Altars:
Ashenzari
Cheibriados
Dithmenos
Elyvilon
Fedhas
Gozag
Hepliaklqana
Kikubaaqudgha
Makhleb
Nemelex Xobeh
Okawaru
Qazlal
Ru
Sif Muna
Trog
Uskayaw
Vehumet
Xom
Yredelemnul
Zin
The Shining One
Beogh
Jiyva
Lugonu

Annotations:
D Prince Ribbit


Innate Abilities, Weirdness & Mutations

You cannot wear armour.
You are incapable of wielding weapons or throwing items.
Your paws allow you to move quietly. (Stealth)
You have sharp claws.
You have razor-sharp teeth.
You have supernaturally acute eyesight. (SInv)
You are carnivorous and can eat meat at any time.
You cover ground quickly.
You are covered in fur. (AC +1)
You have a slow metabolism.
Your sharp claws are effective at attacking unaware monsters.


Message History

The fire bat is severely wounded.
The fire bat completely misses you.
The fire bat barely misses your crimson imp.
The fire bat bites your crimson imp but does no damage.
Your crimson imp barely misses the fire bat. x2
You scratch the fire bat.
The fire bat is severely wounded.
The fire bat closely misses you.
The fire bat closely misses your crimson imp.
Your crimson imp closely misses the fire bat.
Your crimson imp hits the fire bat but does no damage.
The fire bat bites your crimson imp.
Your crimson imp is engulfed in flames.
Your crimson imp completely resists.
Your crimson imp misses the fire bat.
You scratch the fire bat.
The fire bat is almost dead.
The fire bat bites you.
* * * LOW HITPOINT WARNING * * *
You are engulfed in flames!
You die...

#__________#
#____#####'##########
######)))#.##........
#%?(.')))b.##......#.
##########.##........
#..........)'........
#'#####'#####......#.
#.#..#5.#..##........
#b#.@b5.#))#####'####
#5#.5####5)##.......#
#.#..#..#r)##.......#
#S#..#..#r[##.......#
#.##'#..#'###...<...#
#.#.....55.##.......#
#.#........##.......#
#'###########.......#
#..# #########


You could see a fire bat and 3 friendly crimson imps.

Vanquished Creatures
  A water moccasin (D)
  A floating eye (D)
  A white imp (D)
  An ufetubus (D)
  A giant cockroach (D)
  A kobold (D)
  A ball python (D)
  A frilled lizard (D)
8 creatures vanquished.

Vanquished Creatures (collateral kills)
  Terence (D)
  A hobgoblin (D)
  2 jackals (D)
  A jackal skeleton (D)
5 creatures vanquished.

Grand Total: 13 creatures vanquished

Notes
Turn   | Place    | Note
-------+----------+-------------------------------------------
     0 | D        | equalderp2856 the Felid Summoner began the quest for the Orb.
     0 | D        | Reached XP level 1. HP: 7/7 MP: 4/4
    20 | D        | Noticed a floating eye
    23 | D        | Reached skill level 5 in Summonings
    27 | D        | Paralysed by a floating eye for 3 turns
    32 | D        | Killed a floating eye
    32 | D        | Reached skill level 5 in Stealth
    32 | D        | Reached skill level 8 in Summonings
    32 | D        | Reached XP level 2. HP: 10/11 MP: 4/6
    32 | D        | Reached XP level 3. HP: 13/14 MP: 5/8
    32 | D        | Reached XP level 4. HP: 16/18 MP: 5/9
   202 | D        | Noticed Terence
   215 | D        | Learned a level 2 spell: Call Imp
   331 | D        | Killed Terence
   448 | D        | Found a radiant altar of Vehumet.
   448 | D        | Found a hide-covered altar of Uskayaw.
   448 | D        | Found an ancient bone altar of Kikubaaqudgha.
   448 | D        | Found a viscous altar of Jiyva.
   448 | D        | Found a hazy altar of Hepliaklqana.
   449 | D        | Found a bloodstained altar of Trog.
   449 | D        | Found a deep blue altar of Sif Muna.
   449 | D        | Found a sacrificial altar of Ru.
   449 | D        | Found a stormy altar of Qazlal.
   449 | D        | Found an iron altar of Okawaru.
   449 | D        | Found a sparkling altar of Nemelex Xobeh.
   449 | D        | Found an opulent altar of Gozag.
   449 | D        | Found a blossoming altar of Fedhas.
   449 | D        | Found a white marble altar of Elyvilon.
   449 | D        | Found a shadowy altar of Dithmenos.
   449 | D        | Found a snail-covered altar of Cheibriados.
   450 | D        | Found a glowing golden altar of the Shining One.
   450 | D        | Found a glowing silver altar of Zin.
   451 | D        | Found a burning altar of Makhleb.
   451 | D        | Found a basalt altar of Yredelemnul.
   451 | D        | Found a roughly hewn altar of Beogh.
   452 | D        | Found a corrupted altar of Lugonu.
   452 | D        | Found a shimmering altar of Xom.
   452 | D        | Found a shattered altar of Ashenzari.
   593 | D        | Noticed a phantom
   594 | D        | Noticed a big kobold
   594 | D        | Noticed Prince Ribbit
   594 | D        | Noticed a fire bat
   595 | D        | Noticed a water moccasin
   639 | D        | Slain by a fire bat
   640 | D        | Reached XP level 3. HP: 0/14 MP: 2/8
   681 | D        | Killed a water moccasin
   681 | D        | Reached skill level 5 in Spellcasting
   681 | D        | Reached skill level 9 in Summonings
   681 | D        | Reached XP level 4. HP: 6/18 MP: 2/12
   681 | D        | Reached XP level 5. HP: 7/21 MP: 2/14
   742 | D        | HP: 1/21 [fire bat (9)]
   787 | D        | Slain by a fire bat

Skill      XL: |  1  2  3  4 |
---------------+-------------+-----
Dodging        | 4 |  4.9
Stealth        | 5 |  5.7
Summonings     | 8 9 |  9.4
Unarmed Combat | 2 |  2.9
Spellcasting   | 5 3 |  5.5
Fighting       | |  0.2

Action                   |  1- 3 |  4- 6 || total
-------------------------+-------+-------++-------
Melee: Unarmed           |    20 |    31 ||    51
       Bite              |     2 |       ||     2
 Cast: Call Imp          |     4 |    19 ||    23
       Summon Small Mamm |     2 |     8 ||    10
  Use: Potion            |     1 |     4 ||     5
 Stab: Sleeping          |     3 |       ||     3
       Distracted        |     1 |       ||     1
  Eat: Chunk             |       |     2 ||     2
Armor: Skin              |     1 |     3 ||     4
Dodge: Dodged            |    13 |    47 ||    60
